 Dungeon Crawl Stone Soup version 0.31-a0-700-gf13585253f (webtiles) character file.

Game seed: 235030263073836670

1405 qw the Skirmisher (level 8, -5/50 HPs)
             Began as a Gargoyle Hunter on Sept 7, 2023.
             Was a Follower of Okawaru.
             Slain by a vampire (9 damage)
             ... on level 7 of the Dungeon.
             The game lasted 00:02:07 (5237 turns).

qw the Skirmisher (Gargoyle Hunter)                 Turns: 5237, Time: 00:02:07

Health: -5/50      AC: 12    Str: 15    XL:     8   Next: 70%
Magic:  11/11      EV: 16    Int: 10    God:    Okawaru [*.....]
Gold:   322        SH:  0    Dex: 15    Spells: 7/7 levels left

rFire   . . .        Y - +2 shortbow (elec)
rCold   . . .        (shield currently unavailable)
rNeg    + . .        g - +0 ring mail
rPois   inf          b - +0 helmet
rElec   +            (no cloak)
rCorr   .            (no gloves)
SInv    .            (no boots)
Will    .....        (no amulet)
Stlth   +            d - +5 ring of evasion
HPRegen 0.28/turn    (no ring)
MPRegen 0.12/turn

%: no passive effects
@: no status effects
A: sickness immunity, AC +5, negative energy resistance 1, electricity
resistance, torment resistance 1, petrification resistance
a: Renounce Religion, Heroism


You were on level 7 of the Dungeon.
You worshipped Okawaru.
Okawaru was aware of your devotion.
You visited 2 branches of the dungeon, and saw 8 of its levels.

You collected 322 gold pieces.


Innate Abilities, Weirdness & Mutations

You are immune to sickness and miasma.
Your stone body is resilient. (AC +5)
You are immune to poison.
You resist negative energy. (rN+)
You are resistant to electric shocks. (rElec)
You are resistant to unholy torment.
You are immune to petrification.


   Skills:
 + Level 5.6 Fighting
 - Level 9.0 Ranged Weapons
 - Level 2.0 Armour
 - Level 2.0 Dodging
 - Level 1.1 Stealth
 - Level 4.0 Invocations


You had 7 spell levels left.
You didn't know any spells.
Your spell library was empty.

Inventory:

Hand Weapons
 Y - a +2 shortbow of electrocution (weapon)
Armour
 b - a +0 helmet (worn)
 g - a +0 ring mail (worn)
Jewellery
 d - a +5 ring of evasion (left hand)
Scrolls
 a - 2 scrolls of teleportation
 f - 2 scrolls of identify
Potions
 c - a potion of enlightenment
 e - 2 potions of might
 h - a potion of resistance
 j - 2 potions of mutation

Dungeon Overview and Level Annotations

Branches:
Dungeon (7/15)             Temple (1/1) D:4

Altars:
Ashenzari
Cheibriados
Dithmenos
Elyvilon
Fedhas
Gozag
Hepliaklqana
Kikubaaqudgha
Makhleb
Nemelex Xobeh
Okawaru
Qazlal
Ru
Sif Muna
Trog
Uskayaw
Vehumet
Wu Jian
Xom
Yredelemnul
Zin
The Shining One

Shops:
D:4 :


Message History

5217 ||| (to cure confusion)
You shoot an arrow. The arrow barely misses the vampire.
The vampire mumbles some strange words.
The vampire flickers and vanishes!
Deactivating autopickup; reactivate with Ctrl-A.
You shoot an arrow. You shoot an arrow. You shoot an arrow. You shoot an arrow.
You shoot an arrow. You shoot an arrow. Something completely misses you.
Something bites you.
You shoot an arrow. Something hits you but does no damage. Something bites you.
You shoot an arrow. Something hits you. Something barely misses you.
You shoot an arrow. Something hits you but does no damage. Something bites you.
You shoot an arrow. Something hits you but does no damage. Something bites you.
Something barely misses you. Something bites you but does no damage.
You shoot an arrow. Something hits you but does no damage. Something bites you.
You shoot an arrow. Something hits you but does no damage. Something bites you!
You shoot an arrow. Something hits you but does no damage.
Something bites you but does no damage.
You shoot an arrow. Something hits you but does no damage.
Something bites you but does no damage.
You shoot an arrow. Something hits you! Something barely misses you.
You shoot an arrow. Something hits you but does no damage.
Something bites you but does no damage.
You shoot an arrow. Something hits you but does no damage.
Something barely misses you.
You shoot an arrow. Something hits you! Something barely misses you.
You shoot an arrow. Something hits you!
You die...

..#[...# .[ ..#....#
......# ....... ..'....#
.....+ ....... ..#....#
....# ...[...
###..####+##...# ..)....
###..####.##...# .......
.....#.....#...# ......#
?....#.....#...##......#
.....'.....#....@......#
##...##...##...##......#
#...##...##...# .......
.....#>...))...# >......
.....#.........# ......#
.....+.........# ......#
##...##.####...# ......#
######## ##### ....?..


There were no monsters in sight!

Vanquished Creatures
  Menkaure (D:4)
  2 black bears
  2 sky beasts (D:6)
  A gnoll sergeant (D:5)
  A scorpion (D:6)
  2 howler monkeys
  A jelly (D:5)
  5 hounds
  Terence (D:3)
  3 iguanas
  6 orc wizards
  8 gnolls
  10 adders
  A white imp (D:7)
  2 ufetubi
  A worm (D:2)
  3 dart slugs
  13 orcs
  5 endoplasms
  2 giant cockroaches (D:2)
  8 goblins
  6 hobgoblins
  2 jackals (D:3)
  6 quokkas
  7 ball pythons
  6 bats
  5 frilled lizards
  7 kobolds
  8 rats
125 creatures vanquished.

Notes
Turn   | Place    | Note
-------+----------+-------------------------------------------
     0 | D:1      | qw the Gargoyle Hunter began the quest for the Orb.
     0 | D:1      | Reached XP level 1. HP: 12/12 MP: 1/1
     0 | D:1      | 0 ||| qw: Version: 0.3-a-76-g4403597
     0 | D:1      | 0 ||| qw: Game counter: 505
     0 | D:1      | 0 ||| qw: Melee chars always use a shield: true
     0 | D:1      | 0 ||| qw: God list: Okawaru
     0 | D:1      | 0 ||| qw: Allow faded altars: false
     0 | D:1      | 0 ||| qw: Do Orc after clearing Dungeon:15 true
     0 | D:1      | 0 ||| qw: Do second Lair branch before Depths: true
     0 | D:1      | 0 ||| qw: Lair rune preference: random
     0 | D:1      | 0 ||| qw: Goals: Normal
     0 | D:1      | 0 ||| PLANNING D:1-11
   110 | D:1      | Reached XP level 2. HP: 17/17 MP: 2/2
   691 | D:1      | 691 ||| DROPPING +6 ring of intelligence.
   692 | D:1      | 692 ||| READING scroll labelled GAYSYLL HE KYU.
   695 | D:1      | 695 ||| READING 2 scrolls labelled ZICWEAJUTH.
   696 | D:1      | 696 ||| DROPPING scroll of butterflies.
   711 | D:2      | Reached XP level 3. HP: 21/21 MP: 3/3
   745 | D:2      | Reached skill level 5 in Ranged Weapons
   893 | D:2      | Reached skill level 3 in Fighting
   893 | D:2      | Reached XP level 4. HP: 28/28 MP: 4/4
  1358 | D:2      | 1358 ||| UPGRADING to +0 helmet.
  1363 | D:2      | 1363 ||| UPGRADING to +0 ring mail.
  1373 | D:2      | 1373 ||| DROPPING +0 leather armour.
  1374 | D:2      | 1374 ||| UPGRADING to amulet of guardian spirit.
  1379 | D:2      | 1379 ||| READING scroll labelled CINOTT EMUYX.
  1380 | D:2      | 1380 ||| READING scroll labelled ZOECVI DUENG.
  1454 | D:3      | Reached skill level 1 in Armour
  1457 | D:3      | HP: 7/28 [gnoll/+0 halberd (4)]
  1458 | D:3      | 1458 ||| READING scroll of teleportation.
  1460 | D:3      | Reached XP level 5. HP: 8/32 MP: 1/5
  1936 | D:3      | Found a white marble altar of Elyvilon.
  2006 | D:3      | 2006 ||| READING scroll of enchant weapon.
  2006 | D:3      | 2006 ||| ENCHANTING +1 shortbow.
  2046 | D:3      | Noticed Terence
  2056 | D:3      | Killed Terence
  2057 | D:3      | Reached skill level 6 in Ranged Weapons
  2425 | D:3      | 2425 ||| DROPPING amulet of magic regeneration.
  2426 | D:3      | 2426 ||| READING 3 scrolls of identify.
  2426 | D:3      | 2426 ||| IDENTIFYING cyan potion
  2476 | D:4      | Noticed Menkaure
  2478 | D:4      | 2478 ||| FLEEEEING.
  2479 | D:4      | 2479 ||| STAIRDANCE
  2506 | D:4      | Killed Menkaure
  2507 | D:4      | Reached XP level 6. HP: 23/40 MP: 2/6
  2507 | D:4      | 2507 ||| FLEEEEING.
  2508 | D:4      | 2508 ||| STAIRDANCE
  2603 | D:4      | Found Gituhuol's Book Boutique.
  2693 | D:4      | 2693 ||| Stepping ~*~*~tactically~*~*~ (outnumbered).
  2779 | D:4      | Found a staircase to the Ecumenical Temple.
  2780 | D:4      | 2780 ||| PLANNING TEMPLE
  2780 | D:4      | 2780 ||| READING scroll labelled HARUEGIJORCH.
  2781 | D:4      | 2781 ||| READING 2 scrolls of identify.
  2781 | D:4      | 2781 ||| IDENTIFYING golden potion
  2782 | D:4      | 2782 ||| DROPPING potion of ambrosia.
  2784 | D:4      | Found a stormy altar of Qazlal.
  2792 | Temple   | Entered the Ecumenical Temple
  2793 | Temple   | 2793 ||| PLANNING OKAWARU WORSHIP
  2796 | Temple   | Became a worshipper of Warmaster Okawaru
  2797 | Temple   | 2797 ||| PLANNING D:1-11
  2797 | Temple   | 2797 ||| REMOVING amulet of guardian spirit.
  2802 | Temple   | 2802 ||| DROPPING amulet of guardian spirit.
  2832 | D:4      | Reached XP level 7. HP: 43/44 MP: 7/7
  2911 | D:4      | Found a hide-covered altar of Uskayaw.
  2972 | D:4      | Reached skill level 7 in Ranged Weapons
  3259 | D:4      | 3259 ||| UPGRADING to +5 ring of evasion.
  3260 | D:4      | 3260 ||| DRINKING 2 lumpy purple potions.
  3310 | D:5      | Entered Level 5 of the Dungeon
  3313 | D:5      | Found a basalt altar of Yredelemnul.
  3368 | D:5      | 3368 ||| FLEEEEING.
  3369 | D:5      | 3369 ||| FLEEEEING.
  3370 | D:5      | 3370 ||| FLEEEEING.
  3376 | D:5      | 3376 ||| STAIRDANCE
  3440 | D:5      | Found a shimmering blue altar of Sif Muna.
  3657 | D:5      | Reached skill level 8 in Ranged Weapons
  3672 | D:5      | Reached * piety under Okawaru
  3736 | D:5      | 3736 ||| Stepping ~*~*~tactically~*~*~ (outnumbered).
  3797 | D:5      | 3797 ||| Stepping ~*~*~tactically~*~*~ (water).
  3798 | D:5      | Found a shimmering altar of Xom.
  3800 | D:5      | Reached skill level 1 in Invocations
  3954 | D:5      | Reached XP level 8. HP: 44/49 MP: 8/8
  4088 | D:5      | 4088 ||| READING scroll labelled NECARH BESUM.
  4089 | D:5      | 4089 ||| READING 5 scrolls of identify.
  4089 | D:5      | 4089 ||| IDENTIFYING purple potion
  4090 | D:5      | 4090 ||| READING 4 scrolls of identify.
  4090 | D:5      | 4090 ||| IDENTIFYING viscous cyan potion
  4091 | D:5      | 4091 ||| READING 3 scrolls of identify.
  4091 | D:5      | 4091 ||| IDENTIFYING murky purple potion
  4092 | D:5      | 4092 ||| DROPPING potion of degeneration.
  4553 | D:6      | Reached skill level 3 in Invocations
  4671 | D:6      | 4671 ||| INVOKING Heroism.
  4678 | D:6      | 4678 ||| Stepping ~*~*~tactically~*~*~ (outnumbered).
  4679 | D:6      | 4679 ||| Stepping ~*~*~tactically~*~*~ (outnumbered).
  4686 | D:6      | Reached skill level 9 in Ranged Weapons
  5064 | D:6      | 5064 ||| READING 2 scrolls labelled YTATAPH BOES.
  5065 | D:6      | 5065 ||| READING scroll labelled ETOUL XYQE.
  5098 | D:6      | 5098 ||| READING scroll labelled UFE NYEBOCRI.
  5099 | D:6      | 5099 ||| READING scroll labelled WUPLOU TAPSE.
  5100 | D:6      | 5100 ||| READING 3 scrolls of identify.
  5100 | D:6      | 5100 ||| IDENTIFYING ruby potion
  5101 | D:6      | 5101 ||| DROPPING scroll of fear.
  5169 | D:7      | Identified the +0 chain mail "Lidesob" {Harm rElec rPois
                  | Str-4 Dex-5}
  5216 | D:7      | Noticed a vampire
  5217 | D:7      | 5217 ||| DRINKING potion of curing.
  5217 | D:7      | 5217 ||| (to cure confusion)
  5236 | D:7      | HP: 4/50 [something (11)]
  5237 | D:7      | Slain by a vampire

Levels and vault maps discovered:
D:1:      reono_arrival_mine, layout_loops_ring
D:2:      layout_loops_ring, serial_forest, infiniplex_forest_end_1,
          infiniplex_forest_straight_3, infiniplex_forest_lined_ring,
          infiniplex_forest_lined_3, infiniplex_forest_side_room
D:3:      layout_loops_corners, mainiacjoe_overflow_surrounded_room,
          uniq_terence
D:4:      layout_cave_pools, mainiacjoe_overflow_catch_the_wave,
          minmay_temple_entry_trees, serial_shops, shop, uniq_menkaure
D:5:      layout_loops_cross, mainiacjoe_overflow_large_starburst, tgw_xom
D:6:      layout_loops_corners, kennysheep_potato
D:7:      layout_gridville, due_unseen_surprise
Temple:   nicolae_temple_x_marks_the_god

Skill      XL: |  1  2  3  4  5  6  7  8 |
---------------+-------------------------+-----
Ranged Weapons | 5 6 8 9 |  9.0
Fighting       | 3 5 |  5.6
Armour         | 1 2 |  2.0
Dodging        | 2 |  2.0
Invocations    | 1 4 |  4.0
Stealth        | |  1.1

Action                     |  1- 3 |  4- 6 |  7- 9 || total
---------------------------+-------+-------+-------++-------
   Fire: Shortbow          |    81 |   209 |   205 ||   495
 Invoke: Heroism           |       |       |     1 ||     1
    Use: Scroll            |     2 |     7 |     9 ||    18
         Potion            |       |       |     2 ||     2
 Armour: Leather armour    |    22 |     8 |       ||    30
         Ring mail         |       |    64 |    79 ||   143
  Dodge: Dodged            |    16 |    57 |    59 ||   132

Table legend:
 A = Non-vault XP
 B = Vault XP
 C = Vault XP percentage of total XP
 D = Non-vault monster count
 E = Vault monster count
 F = Vault count percentage of total count
                 A         B        C        D         E       F
            +---------+---------+-------+---------+---------+-------
      Total |    1647 |     361 |  18.0 |     116 |       9 |   7.2
            +---------+---------+-------+---------+---------+-------
        D:1 |      32 |       0 |   0.0 |      19 |       0 |   0.0
        D:2 |      93 |       0 |   0.0 |      26 |       0 |   0.0
        D:3 |     131 |      36 |  21.6 |      26 |       1 |   3.7
        D:4 |     236 |     172 |  42.2 |      18 |       1 |   5.3
        D:5 |     511 |      25 |   4.7 |      12 |       6 |  33.3
        D:6 |     592 |     128 |  17.8 |      11 |       1 |   8.3
        D:7 |      52 |       0 |   0.0 |       4 |       0 |   0.0
            +---------+---------+-------+---------+---------+-------
